 Dungeon Crawl Stone Soup version 0.17-a0-1914-gde4187c (webtiles) character file.

114 Kolbur the Chiller (level 4, -1/32 HPs)
             Began as a Merfolk Ice Elementalist on Sept 26, 2015.
             Slain by Grinder (3 damage)
             ... on level 3 of the Dungeon.
             The game lasted 00:15:59 (1108 turns).

Kolbur the Chiller (Merfolk Ice Elementalist)       Turns: 1108, Time: 00:15:59

Health: -1/32      AC:  3    Str:  8    XL:     4   Next: 98%
Magic:  2/7        EV: 13    Int: 15    God:
Gold:   63         SH:  0    Dex: 14    Spells: 2 memorised, 3 levels left

rFire  . . .     SeeInvis .     a - +0 dagger (flame)
rCold  . . .     Clarity  .     n - +0 robe
rNeg   . . .     SustAt   .     (no shield)
rPois  .         Gourm    .     (no helmet)
rElec  .         Spirit   .     i - +0 cloak
rCorr  .         Warding  .     (no gloves)
rMut   .         Stasis   .     (no boots)
MR     .....                    (no amulet)
Stlth  ++........               (no ring)
                                (no ring)

@: not resistant to hostile enchantments, unstealthy
A: change form in water, swift swim
a: no special abilities


You were on level 3 of the Dungeon.
You were very hungry.

You visited 1 branch of the dungeon, and saw 3 of its levels.

You collected 63 gold pieces.

Inventory:

Hand weapons
 a - a +0 dagger of flaming (weapon)
 b - a +0 blowgun
 g - a +0 short sword
 l - a +0 dagger
Missiles
 p - 64 stones (quivered)
 q - 8 poisoned needles
Armour
 i - a +0 cloak (worn)
 n - a +0 robe (worn)
Jewellery
 o - an uncursed ring of fire
Scrolls
 d - 3 scrolls of identify {unknown}
 e - 2 scrolls of remove curse {unknown}
 h - a scroll of enchant weapon {unknown}
 k - a scroll of fog {unknown}
 r - a scroll of teleportation {unknown}
Potions
 j - a potion of degeneration {unknown}
 m - a potion of poison {unknown}
Books
 t - a book of Frost

   Spells                             Type                      Level
   a - Freeze                         Ice                          1
   b - Throw Frost                    Conjuration/Ice              2
   c - Ozocubu's Armour               Charms/Ice                   3
   d - Throw Icicle                   Conjuration/Ice              4
   e - Summon Ice Beast               Ice/Summoning                4
   f - Condensation Shield            Ice                          4
Comestibles
 c - 4 bread rations
 f - a slice of pizza
 s - a meat ration
 u - 4 fruits


   Skills:
 + Level 1.2 Fighting
 + Level 3.5 Dodging
 - Level 2.1 Stealth
 - Level 2.0 Spellcasting
   Level 0.7 Conjurations
 + Level 5.4 Ice Magic


You had 3 spell levels left.
You knew the following spells:

 Your Spells              Type           Power        Failure   Level  Hunger
a - Freeze                Ice            ###.         2%          1    #......
o - Ozocubu's Armour      Chrm/Ice       #.......     24%         3    ###....


Dungeon Overview and Level Annotations

Branches:
Dungeon (3/15)

Altars:

Annotations:
D:3 Grinder


Message History

You closely miss Grinder.
Grinder is moderately wounded.
Grinder says, "At least Makhleb appreciates what I'm doing."
Grinder closely misses you.
You hit Grinder but do no damage.
Grinder is moderately wounded.
Your icy armour evaporates.
Grinder hits you.
* * * LOW HITPOINT WARNING * * *
You writhe in agony.
* * * LOW HITPOINT WARNING * * *
You closely miss Grinder.
Grinder is moderately wounded.
Grinder barely misses you.
You closely miss Grinder.
Grinder is lightly wounded.
Grinder hits you.
* * * LOW HITPOINT WARNING * * *
You writhe in agony.
You die...

#..# .# ##.## .. #..## .
#. ##...# >.
##.####...#.####
...##.......###....###.
....>......###......(..#
............#..#######..
.......@......##
.......5....###
............#
............#
............#
......†....##
...##.....## ### #######


You could see Grinder.

Vanquished Creatures
  Terence (D:2)
  4 adders
  An ooze (D:2)
  A worm (D:2)
  A ball python (D:3)
  5 bats
  3 giant cockroaches
  6 goblins
  5 hobgoblins
  8 kobolds
  3 quokkas (D:2)
  2 giant newts
  6 rats
46 creatures vanquished.

Notes
Turn   | Place    | Note
--------------------------------------------------------------
     0 | D:1      | Kolbur the Merfolk Ice Elementalist began the quest for the Orb.
     0 | D:1      | Reached XP level 1. HP: 13/13 MP: 3/3
    96 | D:1      | Reached XP level 2. HP: 13/19 MP: 0/5
   129 | D:1      | Reached skill level 4 in Ice Magic
   254 | D:3      | Noticed Grinder
   302 | D:2      | Reached XP level 3. HP: 17/24 MP: 1/6
   307 | D:2      | Learned a level 3 spell: Ozocubu's Armour
   380 | D:2      | Noticed Terence
   432 | D:2      | Killed Terence
   432 | D:2      | Reached skill level 5 in Ice Magic
   432 | D:2      | Reached XP level 4. HP: 20/30 MP: 1/7
   696 | D:2      | Reached skill level 1 in Fighting
  1089 | D:3      | Paralysed by Grinder for 7 turns
  1108 | D:3      | Slain by Grinder

Vault maps used:
D:1:      dpeg_arrival_rooms_c, st_stairs_6
D:2:      first_bread, uniq_terence
D:3:      tgw_fedhas, uniq_grinder

Action                   |  1- 3 |  4- 6 || total
-------------------------+-------+-------++-------
Melee: Unarmed           |     8 |       ||     8
       Dagger            |     9 |    30 ||    39
       Short sword       |     2 |       ||     2
 Fire: Blowgun           |       |     1 ||     1
Throw: Stone             |       |     6 ||     6
 Cast: Freeze            |    32 |    40 ||    72
       Ozocubu's Armour  |       |     1 ||     1
 Stab: Sleeping          |     6 |     4 ||    10
  Eat: Chunk             |       |     1 ||     1

Vault maps used:
D:1:      dpeg_arrival_rooms_c, st_stairs_6
D:2:      first_bread, uniq_terence
D:3:      tgw_fedhas, uniq_grinder

Table legend:
 A = Turns spent in this place as a percentage of turns spent in the entire game.
 B = Non-inter-level travel turns spent in this place as a percentage of non-inter-level travel turns spent in the entire game.
 C = Inter-level travel turns spent in this place as a percentage of turns spent in this place.
 D = Turns resting spent in this place as a percentage of non-inter-level travel turns spent in this place.
 E = Turns spent auto-exploring this place as a percentage of non-inter-level travel turns spent in this place.
 F = Non-inter-level travel turns spent in this place divided by the number of levels of this place that you've seen.
                   A       B       C       D       E      F
               +-------+-------+-------+-------+-------+----------------------
         Total | 100.0 | 100.0 |   0.4 |   0.4 |   0.4 | 320.0
       Dungeon | 100.0 | 100.0 |   0.4 |   0.4 |   0.4 | 320.0
               +-------+-------+-------+-------+-------+----------------------
